 Dungeon Crawl Stone Soup version 0.27.0-66-gdc8fb28755 (webtiles) character file.

Game seed: 14425752374451362606

2505 ZARRMARR the Grappler (level 9, -9/84 HPs)
             Began as a Troll Monk on Aug 20, 2021.
             Was an Elder of Okawaru.
             Mangled by an ogre (29 damage)
             ... on level 5 of the Dungeon.
             The game lasted 00:34:15 (5355 turns).

ZARRMARR the Grappler (Troll Monk)                  Turns: 5355, Time: 00:34:15

Health: -9/84      AC:  4    Str: 21    XL:     9   Next: 28%
Magic:  0/11       EV: 11    Int:  6    God:    Okawaru [****..]
Gold:   75         SH:  0    Dex: 15    Spells: 8/8 levels left

rFire    . . .     SeeInvis .     - Unarmed
rCold    + . .     Faith    .   (no shield)
rNeg     . . .     Spirit   +   a - +0 robe
rPois    .         Reflect  .   (helmet restricted)
rElec    .         Harm     .   (no cloak)
rCorr    .         Rampage  .   (gloves unavailable)
Will     .....                  (boots unavailable)
Stlth    ++........             g - amulet of guardian spirit
HPRegen  1.24/turn              q - ring of protection from cold
MPRegen  0.12/turn              (no ring)

@: mighty, marked
A: large, unfitting armour, claws 3, regeneration 1, shaggy fur 1, tough skin 1
a: Renounce Religion, Heroism


You were on level 5 of the Dungeon.
You worshipped Okawaru.
Okawaru was greatly pleased with you.
You visited 2 branches of the dungeon, and saw 6 of its levels.
You also visited: Ossuary.

You collected 127 gold pieces.
You spent 52 gold pieces at shops.

Inventory:

Missiles
 k - 8 poisoned darts (quivered)
Armour
 a - a +0 robe (worn)
Jewellery
 g - an amulet of guardian spirit (around neck)
 q - a ring of protection from cold (left claw)
Wands
 d - a wand of iceblast (11)
 l - a wand of flame (14)
Scrolls
 b - a scroll of immolation
 c - 2 scrolls of teleportation
 h - 2 scrolls of enchant weapon
 i - 3 scrolls of enchant armour
 j - 2 scrolls of fog
 r - 2 scrolls of noise
 y - a scroll of amnesia
Potions
 e - 3 potions of heal wounds
 f - 3 potions of lignification
 m - 5 potions of might
 n - 4 potions of curing {unknown}
 o - a potion of flight {unknown}
 p - 2 potions of invisibility {unknown}
 s - a potion of attraction {unknown}
 t - a potion of ambrosia {unknown}
 u - a potion of haste {unknown}
 w - a potion of mutation {unknown}
 x - a potion of brilliance {unknown}


   Skills:
 + Level 3.7 Fighting
 + Level 1.1 Throwing
 + Level 4.5 Dodging
 + Level 2.4 Stealth
 + Level 9.7 Unarmed Combat
 * Level 4.3 Invocations


You had 8 spell levels left.
You didn't know any spells.
Your spell library contained the following spells:

 Spells                   Type           Power      Damage    Failure   Level
 Magic Dart               Conj           0%         1d3       45%         1
 Ensorcelled Hibernation  Hex/Ice        0%         N/A       58%         2
 Searing Ray              Conj           0%         3d3       58%         2
 Slow                     Hex            0%         N/A       58%         2
 Confusing Touch          Hex            0%         N/A       83%         3
 Spider Form              Tmut/Pois      0%         N/A       83%         3
 Fulminant Prism          Conj/Hex       0%         3d6       99%         4
 Yara's Violent Unravell  Hex/Tmut       0%         3d3       100%        5
 Shadow Creatures         Summ           N/A        N/A       100%        6


Dungeon Overview and Level Annotations

Branches:
Dungeon (5/15)             Temple (1/1) D:4         Ossuary (visited)

Altars:
Ashenzari
Cheibriados
Elyvilon
Fedhas
Gozag
Kikubaaqudgha
Nemelex Xobeh
Okawaru
Qazlal
Sif Muna
Trog
Uskayaw
Vehumet
Wu Jian
Xom
Yredelemnul
Zin
The Shining One

Shops:
D:1 !?(!   D:4 [


Innate Abilities, Weirdness & Mutations

You are too large for most types of armour.
You have claws for hands.
Your natural rate of healing is unusually fast.
You are covered in fur. (AC +1)
You have tough skin. (AC +1)


Message History

The iguana is severely wounded.
Pikel barely misses you. The iguana barely misses you.
You mangle the iguana!!
You kill the iguana!
Okawaru accepts your kill.
The ice beast hits you but does no damage.
Pikel hits you with a +2 whip of flaming.
* * * LOW HITPOINT WARNING * * *
Pikel burns you.
* * * LOW HITPOINT WARNING * * *
You claw the ice beast!
The ice beast is moderately wounded.
The ice beast hits you.
* * * LOW HITPOINT WARNING * * *
The ice beast freezes you. You resist.
* * * LOW HITPOINT WARNING * * *
Pikel closely misses you.
You mangle the ice beast!!
You kill the ice beast!
Okawaru accepts your kill. Pikel barely misses you.
Your Invocations skill increases to level 4!
You have reached level 9!
Your experience leads to an increase in your attributes!
Increase (S)trength, (I)ntelligence, or (D)exterity?
You feel agile.
You feel stronger.
You barely miss Pikel.
Pikel is moderately wounded.
You claw Pikel!
Pikel is severely wounded.
Pikel barely misses you.
You mangle Pikel!!
You kill Pikel!
Okawaru is honoured by your kill.
With Pikel's spell broken, his former minions thank you for their freedom.
The lemure departs this earthly plane. x2
You scratch the ogre.
The ogre is moderately wounded.
The ogre hits you with a +0 giant spiked club!!
You die...

#...|.... #######
#....... #.....# #......
#.....# §.... ##.....#
.§§. # ##..[...###..#Z§
###...........##O#
.#.......##.####@####...
.........##.# #.†.......
#....#.†.##.###.........
#...##..................
#...##..................
#...#...................
#.......................
#...............###)##..
............>...# .....


You could see an ogre and a hound skeleton.

Vanquished Creatures
  Pikel (D:5)
  Sigmund (D:3)
  Edmund (D:4)
  Duvessa (D:5)
  A necrophage (D:5)
  An ice beast (D:5)
  2 lemures (D:5)
  2 wyvern zombies
  Dowan (D:5)
  4 centaur zombies (Ossuary)
  5 bullfrog zombies (Ossuary)
  2 hounds
  A jelly (D:4)
  A centaur skeleton (D:5)
  An orc priest (D:3)
  A gnoll shaman (Temple)
  Ijyb (D:3)
  4 iguanas
  4 orc wizards
  3 killer bee zombies (Ossuary)
  A hound skeleton (D:4)
  16 mummies
  10 gnolls
  7 adders
  A shadow imp (D:5)
  3 ufetubi
  3 worms (D:2)
  8 orcs
  5 endoplasms
  4 giant cockroaches
  3 hobgoblins
  9 jackals
  4 quokkas
  10 ball pythons
  6 bats (D:1)
  5 frilled lizards
  5 goblins
  A goblin zombie (D:5)
  4 kobolds
  An orc zombie (D:5)
  4 rats
148 creatures vanquished.

Vanquished Creatures (others)
  10 withered plants (Ossuary)
10 creatures vanquished.

Grand Total: 158 creatures vanquished

Notes
Turn   | Place    | Note
-------+----------+-------------------------------------------
     0 | D:1      | ZARRMARR the Troll Monk began the quest for the Orb.
     0 | D:1      | Reached XP level 1. HP: 22/22 MP: 0/0
    24 | D:1      | Found Poitintoe's Antique Weapon Boutique.
    68 | D:1      | Found Cusepefuw's Distillery.
   234 | D:1      | Reached XP level 2. HP: 29/29 MP: 1/1
   326 | D:1      | Found Guaqov's Distillery.
   337 | D:1      | Found a faded altar of an unknown god.
   574 | D:1      | Found Mymmocw's Magic Scroll Shop.
   682 | D:1      | Reached XP level 3. HP: 36/36 MP: 2/2
   995 | D:2      | Reached skill level 4 in Unarmed Combat
  1111 | D:2      | Reached XP level 4. HP: 44/44 MP: 3/3
  1656 | D:1      | Found Guaqov's Distillery.
  1821 | D:1      | Found Poitintoe's Antique Weapon Boutique.
  1830 | D:1      | Found Cusepefuw's Distillery.
  2053 | D:1      | Found Mymmocw's Magic Scroll Shop.
  2265 | D:1      | Bought a scroll of identify for 26 gold pieces
  2434 | D:3      | Noticed Sigmund
  2443 | D:3      | Killed Sigmund
  2444 | D:3      | Reached skill level 5 in Unarmed Combat
  2444 | D:3      | Reached XP level 5. HP: 35/52 MP: 2/4
  2625 | D:3      | Reached XP level 6. HP: 59/59 MP: 5/5
  2649 | D:3      | Noticed Ijyb
  2662 | D:3      | Killed Ijyb
  2679 | D:3      | Found a blossoming altar of Fedhas.
  2737 | D:3      | Found a snail-covered altar of Cheibriados.
  3045 | D:1      | Bought a scroll of identify for 26 gold pieces
  3236 | D:4      | Found a staircase to the Ecumenical Temple.
  3274 | D:4      | Reached skill level 6 in Unarmed Combat
  3290 | Temple   | Entered the Ecumenical Temple
  3528 | Temple   | Became a worshipper of Warmaster Okawaru
  3528 | Temple   | Reached * piety under Okawaru
  3528 | Temple   | Reached ** piety under Okawaru
  3581 | Temple   | Reached XP level 7. HP: 40/67 MP: 4/6
  3611 | Temple   | Reached skill level 1 in Throwing
  3980 | D:4      | Noticed Edmund
  3983 | D:4      | Killed Edmund
  3992 | D:4      | Reached skill level 1 in Invocations
  4086 | D:4      | Found Vavisoax's Antique Armour Shop.
  4592 | D:4      | Reached skill level 7 in Unarmed Combat
  4649 | D:5      | Entered Level 5 of the Dungeon
  4655 | D:5      | Noticed Duvessa
  4656 | D:5      | Noticed Dowan
  4684 | D:5      | Killed Duvessa
  4690 | D:5      | Reached *** piety under Okawaru
  4691 | D:5      | Reached XP level 8. HP: 45/75 MP: 4/8
  4721 | D:5      | Killed Dowan
  4745 | D:5      | Found a sand-covered staircase.
  4750 | Ossuary  | Entered an ossuary
  4870 | Ossuary  | Reached skill level 8 in Unarmed Combat
  4989 | Ossuary  | Reached **** piety under Okawaru
  5318 | D:5      | Noticed Pikel
  5340 | D:5      | Reached skill level 9 in Unarmed Combat
  5352 | D:5      | Reached XP level 9. HP: 16/83 MP: 3/11
  5354 | D:5      | Killed Pikel
  5355 | D:5      | Mangled by an ogre

Illustrated notes

Levels and vault maps discovered:
D:1:      psy_arrival_dodecagon, layout_loops_cross, serial_shops,
          nicolae_shop_statue_plus, nicolae_shop_waterfront,
          nicolae_lakefront_shop, nicolae_shop_behind_doors,
          hellmonk_ecumenical_altar_pennies_from_heaven
D:2:      layout_loops_cross
D:3:      layout_rooms, fedhas_altar_4, mainiacjoe_overflow_six_doors_small,
          uniq_ijyb, uniq_sigmund
D:4:      layout_basic, minmay_temple_entry_tees, serial_shops,
          nicolae_stop_n_shop_2, dk_vineyard_2, chequers_serial_rivers_micro_c,
          uniq_edmund
D:5:      layout_rooms, nicolae_ossuary_entry_giza, minmay_parallelograms,
          uniq_crazy_yiuf_cottage, uniq_pikel, uniq_duvessa
Temple:   regret_index_temple_sphere_string

Skill      XL: |  1  2  3  4  5  6  7  8 |
---------------+-------------------------+-----
Unarmed Combat | 4 5 6 7 9 |  9.7
Dodging        | 3 4 |  4.5
Stealth        | 2 |  2.4
Fighting       | 3 |  3.7
Throwing       | 1 |  1.1
Invocations    | 2 4 |  4.3

Action                   |  1- 3 |  4- 6 |  7- 9 || total
-------------------------+-------+-------+-------++-------
Melee: Unarmed           |    92 |   123 |   243 ||   458
       Punch             |     3 |     7 |     8 ||    18
Throw: Dart              |       |     9 |     1 ||    10
  Use: Scroll            |       |     4 |     7 ||    11
       Potion            |       |       |     1 ||     1
 Stab: Sleeping          |     5 |     2 |     2 ||     9
Armor: Robe              |    38 |    39 |    48 ||   125
Dodge: Dodged            |    41 |    50 |   108 ||   199
